 Dungeon Crawl Stone Soup version 0.24-a0-618-ge4662a2d14 (webtiles) character file.

Game seed: 5311391562153440341, levelgen mode: deterministic

1869599 Jorund the Conqueror (level 27, 241/321 (323) HPs)
             Began as a Demonspawn Gladiator on Sept 12, 2019.
             Was the Champion of Okawaru.
             Escaped with the Orb
             ... and 3 runes on Sept 16, 2019!
             The game lasted 03:39:07 (66111 turns).

Jorund the Conqueror (Demonspawn Gladiator)        Turns: 66111, Time: 03:39:07

HP:   241/321 (323) AC: 55    Str: 38    XL:     27
MP:   35/35         EV: 14    Int:  5    God:    Okawaru [******]
Gold: 6892          SH: 27    Dex: 14    Spells: 26/26 levels left

rFire    + + +     SeeInvis +   y - +10 broad axe "Dago" {flame, rN+}
rCold    + . .     Gourm    .   K - +6 shield "Lif Osou" {+Fly rF+ MR+ Str+4}
rNeg     + + +     Faith    .   d - +14 crystal plate armour
rPois    +         Spirit   +   (helmet unavailable)
rElec    +         Reflect  +   x - +2 ratskin cloak {+Rats rPois rN+ Str-1 Int-1 Dex+1}
rCorr    +         Harm     .   T - +2 pair of gloves {Str+3}
MR       ++++.     Clarity  +   M - +0 pair of boots of the Eagle {rF+ rN+ Regen+ Dex-4}
Stlth    ..........             I - amulet "Niuxaun" {Reflect rElec MR+ SH+5}
HPRegen  1.43/turn              J - ring "Noack" {rF+ rC+}
MPRegen  0.48/turn              m - ring of see invisible

@: mighty, finesse
A: horns 3, yellow scales 3, agile 1, clarity, deterioration 1, dopey 2,
mutation resistance 1, regeneration 1, robust 3, screaming 1, spiny 3, magic
shield, magic regeneration, magic link
0: Orb of Zot
}: 3/15 runes: decaying, serpentine, silver
a: Heroism, Finesse, Renounce Religion, Evoke Ratskin, Evoke Flight


You escaped.
You worshipped Okawaru.
Okawaru was exalted by your worship.
You were full.

You visited 11 branches of the dungeon, and saw 53 of its levels.
You visited the Abyss 2 times.
You visited 1 bazaar.
You also visited: Trove and Desolation.

You collected 9206 gold pieces.
You spent 2314 gold pieces at shops.

Inventory:

Hand Weapons
 a - a +1 executioner's axe of flaming
 q - the +8 broad axe of Kytat {freeze, Str+5}
   (You found it in the Desolation of Salt)

   It has been specially enchanted to freeze those struck by it, causing extra
   injury to most foes and up to half again as much damage against particularly
   susceptible opponents.
   It can also slow down cold-blooded creatures.
   It affects your strength (+5).
 s - a +3 executioner's axe of distortion
 y - the +10 broad axe "Dago" (weapon) {flame, rN+}
   (You found it in the Desolation of Salt)

   It has been specially enchanted to burn those struck by it, causing extra
   injury to most foes and up to half again as much damage against particularly
   susceptible opponents.
   Big, fiery blades are also staple armaments of hydra-hunters.
   It protects you from negative energy.
 C - the +11 broad axe of Anguish {protect, rC+ Str+4}
   (Okawaru gifted it to you on level 3 of the Crypt)

   It grants its wielder temporary protection when it strikes (+7 to AC).
   It affects your strength (+4).
   It protects you from cold.
 N - a +6 vampiric battleaxe
Armour
 d - a +14 crystal plate armour (worn)
 e - the +6 plate armour "Pour" {rC+ Int-2 Stlth+}
   (You found it in the Desolation of Salt)

   It affects your intelligence (-2).
   It protects you from cold.
   It makes you more stealthy.
 o - a scarf of cloud immunity
 x - the +2 ratskin cloak (worn) {+Rats rPois rN+ Str-1 Int-1 Dex+1}
   (You found it on level 11 of the Dungeon)

   It affects your strength (-1).
   It affects your intelligence (-1).
   It affects your dexterity (+1).
   It protects you from poison.
   It protects you from negative energy.
 K - the +6 shield "Lif Osou" (worn) {+Fly rF+ MR+ Str+4}
   (Okawaru gifted it to you in the Desolation of Salt)

   It affects your strength (+4).
   It protects you from fire.
   It affects your resistance to hostile enchantments.
   It lets you fly.
 M - the +0 pair of boots of the Eagle (worn) {rF+ rN+ Regen+ Dex-4}
   (Okawaru gifted it to you on level 4 of the Swamp)

   It affects your dexterity (-4).
   It protects you from fire.
   It protects you from negative energy.
   It increases your rate of regeneration.
 T - a +2 pair of gloves of strength (worn)
Jewellery
 m - a ring of see invisible (right hand)
 I - the amulet "Niuxaun" (around neck) {Reflect rElec MR+ SH+5}
   (You took it off a deep elf demonologist on level 3 of the Elven Halls)

   [amulet of reflection]

   It shields you and reflects attacks.
   It insulates you from electricity.
   It affects your resistance to hostile enchantments.
   It affects your SH (+5).
 J - the ring "Noack" (left hand) {rF+ rC+}
   (You found it in a treasure trove)

   [ring of protection from fire]

   It protects you from fire.
   It protects you from cold.
 P - the ring "Esedgh" {rF+ rN+ Stlth+}
   (You took it off a vampire on level 3 of the Crypt)

   [ring of positive energy]

   It protects you from fire.
   It protects you from negative energy.
   It makes you more stealthy.
 W - a +3 ring of slaying
 Y - a +5 ring of protection
Wands
 b - a wand of iceblast (57)
 k - a wand of disintegration (33)
 L - a wand of digging (13)
 X - a wand of scattershot (21)
 Z - a wand of acid (39)
Scrolls
 i - 23 scrolls of remove curse
 j - 3 scrolls of identify
 t - 6 scrolls of magic mapping
 A - 11 scrolls of fear
 B - 8 scrolls of blinking
 D - 6 scrolls of enchant weapon
 F - 10 scrolls of fog
 Q - 23 scrolls of teleportation
 S - 3 scrolls of silence
Potions
 g - 9 potions of ambrosia
 h - 9 potions of mutation
 l - 4 potions of agility
 n - 9 potions of heal wounds
 p - 7 potions of flight
 r - 6 potions of haste
 u - 26 potions of curing
 w - 2 potions of resistance
 z - a potion of cancellation
 H - 2 potions of might
 O - 6 potions of berserk rage
 U - 4 potions of invisibility
 V - 2 potions of magic
Miscellaneous
 v - a lamp of fire
 E - a phantom mirror
 G - a phial of floods
Comestibles
 f - 92 rations


   Skills:
 O Level 27 Fighting
 + Level 26.7 Axes
   Level 1.9(18.6) Maces & Flails
 - Level 1.7 Throwing
 + Level 20.7 Armour
 - Level 10.0 Dodging
 - Level 15.0 Shields
 - Level 14.6 Invocations
 * Level 17.9 Evocations


You had 26 spell levels left.
You didn't know any spells.
Your spell library contained the following spells:

 Spells                   Type           Power        Failure   Level  Hunger
 Animate Skeleton         Necr           N/A          97%         1    ##.....
 Apportation              Tloc           #.....       97%         1    ##.....
 Beastly Appendage        Tmut           #.....       97%         1    ##.....
 Confusing Touch          Hex            #.....       97%         1    ##.....
 Corona                   Hex            #......      97%         1    ##.....
 Freeze                   Ice            #...         97%         1    ##.....
 Infusion                 Chrm           #...         97%         1    ##.....
 Magic Dart               Conj           #...         97%         1    ##.....
 Sandblast                Erth           #.....       97%         1    ##.....
 Shock                    Conj/Air       #...         97%         1    ##.....
 Sting                    Conj/Pois      #...         97%         1    ##.....
 Summon Butterflies       Summ           #.......     97%         1    ##.....
 Summon Small Mammal      Summ           #...         97%         1    ##.....
 Blink                    Tloc           N/A          99%         2    ###....
 Call Imp                 Summ           #.......     99%         2    ###....
 Corpse Rot               Necr           N/A          99%         2    ###....
 Passwall                 Tmut/Erth      #.......     99%         2    ###....
 Poisonous Vapours        Pois/Air       #.....       99%         2    ###....
 Searing Ray              Conj           #.....       99%         2    ###....
 Shroud of Golubria       Chrm/Tloc      #.....       99%         2    ###....
 Slow                     Hex            #.......     99%         2    ###....
 Song of Slaying          Chrm           #.......     99%         2    ###....
 Sublimation of Blood     Necr           #.........   99%         2    ###....
 Swiftness                Chrm/Air       #.......     99%         2    ###....
 Throw Frost              Conj/Ice       #.....       99%         2    ###....
 Call Canine Familiar     Summ           #.......     100%        3    ####...
 Confuse                  Hex            #.......     100%        3    ####...
 Conjure Flame            Conj/Fire      #.......     100%        3    ####...
 Dazzling Spray           Conj/Hex       #.....       100%        3    ####...
 Gell's Gravitas          Tloc           #.........   100%        3    ####...
 Ignite Poison            Fire/Tmut/Pois #.......     100%        3    ####...
 Inner Flame              Hex/Fire       #.......     100%        3    ####...
 Lesser Beckoning         Tloc           #.........   100%        3    ####...
 Mephitic Cloud           Conj/Pois/Air  #.......     100%        3    ####...
 Ozocubu's Armour         Chrm/Ice       #.......     100%        3    ####...
 Portal Projectile        Hex/Tloc       #.....       100%        3    ####...
 Recall                   Summ/Tloc      N/A          100%        3    ####...
 Regeneration             Chrm/Necr      #.........   100%        3    ####...
 Spectral Weapon          Hex/Chrm       #.......     100%        3    ####...
 Static Discharge         Conj/Air       #.......     100%        3    ####...
 Stone Arrow              Conj/Erth      #.....       100%        3    ####...
 Summon Guardian Golem    Hex/Summ       #.......     100%        3    ####...
 Tukima's Dance           Hex            #.......     100%        3    ####...
 Airstrike                Air            #.........   100%        4    #####..
 Animate Dead             Necr           N/A          100%        4    #####..
 Cause Fear               Hex            #.........   100%        4    #####..
 Force Lance              Conj/Tloc      #.......     100%        4    #####..
 Fulminant Prism          Conj/Hex       #.........   100%        4    #####..
 Ice Form                 Ice/Tmut       #.......     100%        4    #####..
 Iskenderun's Mystic Bla  Conj           #.......     100%        4    #####..
 Leda's Liquefaction      Hex/Erth       #.........   100%        4    #####..
 Olgreb's Toxic Radiance  Pois           #.......     100%        4    #####..
 Petrify                  Tmut/Erth      #.......     100%        4    #####..
 Summon Ice Beast         Ice/Summ       #.......     100%        4    #####..
 Summon Lightning Spire   Summ/Air       #.......     100%        4    #####..
 Throw Icicle             Conj/Ice       #.......     100%        4    #####..
 Agony                    Necr           #.......     100%        5    ######.
 Alistair's Intoxication  Tmut/Pois      #.......     100%        5    ######.
 Blade Hands              Tmut           #.........   100%        5    ######.
 Bolt of Draining         Conj/Necr      #.........   100%        5    ######.
 Bolt of Magma            Conj/Fire/Erth #.........   100%        5    ######.
 Borgnjor's Vile Clutch   Necr/Erth      #.........   100%        5    ######.
 Dispel Undead            Necr           #.......     100%        5    ######.
 Excruciating Wounds      Chrm/Necr      #.........   100%        5    ######.
 Fireball                 Conj/Fire      #.........   100%        5    ######.
 Iskenderun's Battlesphe  Conj/Chrm      #.......     100%        5    ######.
 Lee's Rapid Deconstruct  Erth           #.........   100%        5    ######.
 Lightning Bolt           Conj/Air       #.........   100%        5    ######.
 Metabolic Englaciation   Hex/Ice        #.........   100%        5    ######.
 Summon Mana Viper        Hex/Summ       #.......     100%        5    ######.
 Venom Bolt               Conj/Pois      #.........   100%        5    ######.
 Yara's Violent Unravell  Hex/Tmut       #.........   100%        5    ######.
 Bolt of Cold             Conj/Ice       #.........   100%        6    #######
 Bolt of Fire             Conj/Fire      #.........   100%        6    #######
 Death Channel            Necr           #.........   100%        6    #######
 Dispersal                Tloc           #.........   100%        6    #######
 Freezing Cloud           Conj/Ice/Air   #.........   100%        6    #######
 Invisibility             Hex            #.......     100%        6    #######
 Iron Shot                Conj/Erth      #.........   100%        6    #######
 Ozocubu's Refrigeration  Ice            #.........   100%        6    #######
 Poison Arrow             Conj/Pois      #.........   100%        6    #######
 Shadow Creatures         Summ           N/A          100%        6    #######
 Simulacrum               Ice/Necr       #.........   100%        6    #######
 Malign Gateway           Summ/Tloc      #.........   100%        7    #######
 Monstrous Menagerie      Summ           #.........   100%        7    #######
 Orb of Destruction       Conj           #.........   100%        7    #######
 Ring of Flames           Chrm/Fire      #.........   100%        7    #######
 Spellforged Servitor     Conj/Summ      #.........   100%        7    #######
 Summon Greater Demon     Summ           #.........   100%        7    #######
 Summon Hydra             Summ           #.........   100%        7    #######
 Chain Lightning          Conj/Air       #.........   100%        8    #######
 Controlled Blink         Tloc           N/A          100%        8    #######
 Disjunction              Tloc           #.........   100%        8    #######
 Ignition                 Fire           #.........   100%        8    #######
 Lehudib's Crystal Spear  Conj/Erth      #.........   100%        8    #######
 Necromutation            Tmut/Necr      #.........   100%        8    #######
 Summon Horrible Things   Summ           #.........   100%        8    #######
 Fire Storm               Conj/Fire      #.........   100%        9    #######
 Glaciate                 Conj/Ice       #.........   100%        9    #######


Dungeon Overview and Level Annotations

Branches:
Dungeon (15/15)            Temple (1/1) D:4            Lair (6/6) D:9
  Swamp (4/4) Lair:2        Snake (4/4) Lair:2        Slime (0/5) Lair:5
    Orc (2/2) D:12            Elf (3/3) Orc:2        Vaults (5/5) D:13
  Crypt (3/3) Vaults:3       Tomb (0/3) Crypt:3      Depths (5/5) D:15
    Zot (5/5) Depths:5    Desolation (visited)

Altars:
Ashenzari
Cheibriados
Dithmenos
Elyvilon
Fedhas
Gozag
Hepliaklqana
Kikubaaqudgha
Makhleb
Nemelex Xobeh
Okawaru
Qazlal
Ru
Sif Muna
Trog
Uskayaw
Vehumet
Xom
Yredelemnul
Zin
The Shining One
Beogh

Shops:
D:6 ?*   D:9 !   Orc:2 ((([   Elf:3 **   Snake:2 (   Snake:3 %}==   Vaults:4 =
Depths:1 (   Depths:4 [

Portals:
Hell: Depths:1 Depths:2 Depths:3 Depths:4 Depths:5
Abyss: Depths:4
Pandemonium: Depths:3 Depths:4 Depths:5
Ziggurat: Depths:3

Annotations:
Swamp:3 Louise
Depths:2 3 runed translucent doors, exclusion: orange crystal statue
Zot:1 1 runed translucent door, mandick's ghost, legendary KoAr


Innate Abilities, Weirdness & Mutations

You have a pair of large horns on your head.
You are completely covered in yellow scales. (AC +4, rCorr)
You are extremely robust. (+30% HP)
You are completely covered in sharp spines.
When hurt, damage is shared between your health and your magic reserves.
You regenerate magic rapidly.
When low on magic, you restore magic in place of health.
You are agile. (Dex +2)
You possess an exceptional clarity of mind.
Your body sometimes deteriorates upon taking damage.
You are very dopey. (Int -4)
You are somewhat resistant to further mutation.
Your natural rate of healing is unusually fast.
You occasionally shout uncontrollably at your foes.


Message History

Okawaru accepts your kill.
Unknown command.
(D) Dungeon (T) Temple (L) Lair (S) Swamp (P) Snake Pit (M) Slime Pits (O) Orcish Mines (E) Elven Halls (V) Vaults (C) Crypt (W) Tomb (U) Depths (H) Hell (Z) Zot
Where to? (Enter - D:2 @ (x,y), ? - help)
Okay, then.
(D) Dungeon (T) Temple (L) Lair (S) Swamp (P) Snake Pit (M) Slime Pits (O) Orcish Mines (E) Elven Halls (V) Vaults (C) Crypt (W) Tomb (U) Depths (H) Hell (Z) Zot
Where to? (Enter - D:2 @ (x,y), ? - help)
Okay, then.
Unknown command.
There is an escape hatch in the ceiling here.
A mysterious force pulls you upwards. The hatch slams shut behind you.
Magic restored.
There is a staircase leading out of the dungeon here.
You have escaped!

#..##### #.##.####.#### #
######......####.#..####.## ###
#..............^.....).#..###..
#..)...................##..##..
#.............8........##...#..
#......................####....
#..............................
#.............8................
#.............@................
#..........8.....8.............
#........)...≈§§§..............
#####...####≈§§≈§##............
##.#####≈≈≈≈≈##...#........
#.##.##≈≈>≈≈##............
#.#..#########.....#......
#######....#########............
#.......##...........###......##


There were no monsters in sight!

Vanquished Creatures
  3 pandemonium lords
  8 orbs of fire
  Mennas (Depths:5)
  9 juggernauts
  4 ancient liches (Zot:5)
  Boris (twice) (Depths:5 Crypt:2)
  Bai Suzhen (Elf:3)
  the Lernaean hydra (Swamp:4)
  9 curse toes
  6 Killer Klowns
  Saint Roka (Vaults:3)
  21 golden dragons
  Nikola (Swamp:4)
  The ghost of Goack the Warrior, an adept HOFi of Fedhas (Elf:3)
  3 electric golems
  3 bone dragons
  7 liches
  A shard shrike zombie (Crypt:3)
  Jorgrun (D:14)
  24 tentacled monstrosities
  A Brimstone Fiend (D:2)
  A Hell Sentinel (Depths:4)
  An Ice Fiend (D:9)
  29 Orb Guardians
  A deep elf blademaster (Elf:3)
  11 quicksilver dragons
  A deep elf master archer (Elf:3)
  4 titans
  12 death cobs
  A tentacled starspawn (Abyss:2)
  10 ancient champions
  A thorn hunter (Swamp:2)
  14 shadow dragons
  12 tengu reavers
  11 sphinxes
  Donald (Elf:3)
  Kirke (D:15)
  6 draconian monks
  6 revenants
  18 storm dragons
  11 fire giants
  10 nagarajas
  9 draconian knights
  2 iron dragons
  15 vault wardens
  An imperial myrmidon (Desolation)
  8 deep elf sorcerers
  4 cacodemons
  6 draconian scorchers
  A balrug (Depths:2)
  8 ghouls
  12 frost giants
  A caustic shrike zombie (Depths:4)
  4 deep elf elementalists
  9 draconian shifters
  2 ghost moths
  A corrupter (Depths:5)
  11 draconian annihilators
  5 draconian stormcallers
  A caustic shrike skeleton (Depths:3)
  6 curse skulls
  2 spriggan defenders
  12 ironheart preservers
  A war gargoyle (Vaults:5)
  44 very ugly things
  11 green draconians
  27 stone giants
  7 deep elf annihilators
  A black sun (D:6)
  17 purple draconians
  13 black draconians
  3 halazid warlocks (Desolation)
  9 red draconians
  10 deep elf demonologists
  8 vampire knights
  9 spark wasps
  9 yellow draconians
  13 white draconians
  7 crystal guardians
  9 deep elf death magi
  17 ettins
  4 deep elf high priests
  4 eidola
  9 jiangshi
  A green death (Depths:4)
  14 fire dragons
  14 ragged hierophants (Desolation)
  A merfolk impaler (Depths:3)
  A mummy priest (Crypt:3)
  A blizzard demon (D:14)
  20 hydras
  3 peacekeepers (Desolation)
  14 great orbs of eyes
  12 ice dragons
  5 servants of whispers (Desolation)
  Erolcha (Orc:1)
  7 rakshasas
  13 yaktaur captains
  32 vault guards
  12 naga warriors
  An anaconda (shapeshifter) (Vaults:5)
  2 ghost crabs (Swamp:4)
  3 spriggan air magi
  A catoblepas (D:14)
  2 shambling mangroves
  3 death knights
  6 anacondas
  8 centaur warriors
  31 dancing weapons
  A tengu warrior (Depths:2)
  4 death yaks
  14 ogre magi
  A two-headed ogre (shapeshifter) (Depths:2)
  55 two-headed ogres
  12 alligators
  4 orc high priests
  5 vampire magi
  6 deep troll shamans
  5 spriggan berserkers
  2 titan zombies
  10 shock serpents
  12 deep troll earth magi
  A thrashing horror (Abyss:2)
  Urug (D:10)
  11 naga sharpshooters
  2 soul eaters
  22 deep elf knights
  6 hell knights (Depths:3)
  3 sun demons
  4 sixfirhies
  2 iron trolls (Depths:1)
  2 fire crabs (shapeshifter)
  4 storm dragon skeletons
  A spatial maelstrom (Abyss:2)
  2 unseen horrors (shapeshifter)
  8 swamp dragons (Swamp:4)
  3 shadow wraiths
  2 spriggan druids (Swamp:2)
  A death drake (Depths:4)
  5 unseen horrors
  2 anaconda zombies
  9 naga ritualists
  19 deep trolls
  35 skeletal warriors
  3 infernal demonspawn
  A shadow demon (Depths:5)
  A gelid demonspawn (D:6)
  6 glowing orange brains
  An orange crystal statue (Depths:1)
  3 starcursed masses (Abyss:2)
  A deep troll (shapeshifter) (Vaults:5)
  4 phantasmal warriors
  An obsidian statue (Elf:3)
  7 wizards
  6 flayed ghosts
  18 ironbrand convokers
  7 lindwurms
  15 deep elf archers
  10 mana vipers
  An orb spider (shapeshifter) (Vaults:4)
  18 orc knights
  54 ugly things
  3 wolf spiders
  14 necromancers
  A frost giant zombie (Crypt:3)
  9 orc sorcerers
  8 salamanders
  A shining eye (shapeshifter) (Vaults:2)
  2 manticores
  66 deep elf magi
  5 cyclopes
  2 sphinx skeletons
  A toenail golem (D:9)
  A worldbinder (Abyss:2)
  4 human zombies
  6 elephants (Zot:3)
  3 fire giant zombies
  A moth of wrath (shapeshifter) (Depths:5)
  A water nymph (shapeshifter) (Depths:1)
  An elephant (shapeshifter) (Vaults:5)
  2 frost giant skeletons (Crypt:2)
  10 guardian serpents
  A black mamba (shapeshifter) (Vaults:5)
  26 moths of wrath
  21 black mambas
  7 centaur zombies
  16 vault sentinels
  Psyche (D:10)
  24 naga magi
  2 rust devils (Depths:4)
  An apocalypse crab (Abyss:2)
  A gargoyle (D:10)
  A dire elephant skeleton (Crypt:2)
  2 orange demons
  2 storm dragon simulacra (Depths:2)
  5 smoke demons
  A white draconian zombie (Crypt:2)
  An elf zombie (Depths:2)
  2 torpor snails
  3 rime drakes
  A spriggan zombie (Depths:2)
  39 spiny frogs
  An efreet (D:14)
  9 freezing wraiths
  A tormentor (Depths:3)
  9 komodo dragons
  45 yaktaurs
  4 ancient zymes (Abyss:2)
  A catoblepas skeleton (Crypt:3)
  A red draconian skeleton (Crypt:2)
  5 human skeletons
  A pale draconian skeleton (Crypt:1)
  A meliai (shapeshifter) (D:13)
  9 guardian mummies
  A red devil (Depths:4)
  A queen bee (D:11)
  2 hellwings
  2 jumping spiders (shapeshifter)
  2 tengu conjurers
  3 polar bears
  9 trolls
  2 blink frogs (shapeshifter)
  9 tyrant leeches
  2 shadow dragon simulacra
  7 hippogriffs
  6 meliai (D:14)
  15 hornets
  Prince Ribbit (D:6)
  60 saltlings (Desolation)
  16 dream sheep
  A hippogriff (shapeshifter) (Depths:5)
  A satyr zombie (Crypt:1)
  6 bog bodies
  9 raiju (Abyss:2)
  A dream sheep (shapeshifter) (Depths:4)
  An ice dragon zombie (Crypt:2)
  24 blink frogs
  24 slime creatures
  A stone giant simulacrum (Vaults:4)
  An ettin zombie (Vaults:4)
  A snapping turtle (shapeshifter) (Vaults:2)
  8 shadows
  7 air elementals
  A tarantella (shapeshifter) (Vaults:4)
  A fire dragon skeleton (Crypt:3)
  A black mamba zombie (Abyss:2)
  3 ynoxinuls
  11 water elementals
  A flying skull (Abyss:2)
  4 vampires (Crypt:3)
  A redback (shapeshifter) (Depths:3)
  8 spriggans
  A wyvern (D:12)
  2 dire elephant simulacra
  A spriggan (shapeshifter) (Depths:5)
  An ettin skeleton (Crypt:1)
  A spriggan simulacrum (Depths:2)
  17 wraiths
  15 yaks
  10 humans
  7 fire elementals
  2 fire bats (Depths:2)
  A golden eye (Abyss:2)
  4 hogs (D:15)
  3 basilisks
  A steam dragon (D:8)
  3 large abominations
  4 chaos spawn
  2 hungry ghosts
  20 vampire mosquitoes
  An elf simulacrum (Depths:2)
  A basilisk (shapeshifter) (Vaults:3)
  2 neqoxecs (Abyss:2)
  10 swamp worms
  A spatial vortex (Abyss:2)
  A swamp worm (shapeshifter) (Depths:5)
  5 wargs
  41 nagas
  4 acid dragons
  A hell hound (Abyss:2)
  A merfolk zombie (Crypt:1)
  13 water moccasins
  An infernal demonspawn skeleton (Crypt:1)
  A soldier ant (D:13)
  17 swamp drakes
  3 floating eyes
  A spiny frog zombie (Crypt:1)
  A two-headed ogre skeleton (Crypt:3)
  9 porcupines
  7 ice beasts
  4 sky beasts
  42 orc warriors
  A spiny frog skeleton (Abyss:2)
  An eye of draining (shapeshifter) (Vaults:4)
  5 necrophages
  A phantom (D:5)
  3 wolves (Lair:2)
  A manticore zombie (Crypt:1)
  9 boggarts
  27 ogres
  A blink frog skeleton (Crypt:2)
  20 centaurs
  18 crocodiles
  3 snapping turtle skeletons
  5 big kobolds
  29 bullfrogs
  3 gnoll sergeants
  A hippogriff zombie (Crypt:3)
  A salamander skeleton (Crypt:3)
  4 earth elementals
  3 wyvern zombies
  2 glowing shapeshifter simulacra
  5 scorpions
  30 killer bees (D:11)
  32 wights
  2 electric eels (Lair:6)
  10 small abominations
  5 howler monkeys
  6 crimson imps
  5 quasits
  A bullfrog zombie (D:5)
  10 centaur skeletons
  10 jellies
  A demonspawn zombie (Crypt:2)
  24 orc priests
  10 hounds
  An iron imp (Abyss:2)
  25 orc wizards
  5 bullfrog skeletons
  Ijyb (D:5)
  3 iguanas
  8 worker ants
  An acid dragon skeleton (Crypt:1)
  A deep dwarf zombie (Crypt:1)
  A demigod skeleton (Crypt:1)
  A human simulacrum (Crypt:2)
  4 hound zombies
  2 hound skeletons
  3 mummies
  3 worker ant zombies
  18 adders
  14 gnolls
  4 shadow imps
  A steam dragon skeleton (Crypt:3)
  An ufetubus (Abyss:2)
  3 oozes
  An iguana zombie (Crypt:1)
  3 adder skeletons
  3 worms
  2 dart slugs
  7 leopard geckos
  111 orcs
  2 ball pythons
  7 bats
  A bat skeleton (Crypt:1)
  4 giant cockroaches
  4 goblins
  11 hobgoblins
  10 jackals
  16 kobolds
  4 quokkas
  A ball python skeleton (Crypt:2)
  5 frilled lizards
  A leopard gecko zombie (D:5)
  A quokka skeleton (D:6)
  11 rats
  A crawling corpse (Vaults:5)
  7 fungi
  A pillar of salt (Elf:2)
  6 plants
  A starspawn tentacle (Abyss:2)
2774 creatures vanquished.

Vanquished Creatures (others)
  A deep elf master archer (Elf:3)
  A draconian knight (Zot:2)
  A fire giant (Depths:4)
  A purple draconian (Zot:4)
  A yaktaur captain (Depths:5)
  A vault guard (Vaults:5)
  A centaur warrior (D:15)
  A deep elf knight (Vaults:2)
  3 yaktaurs
  A naga (Snake:4)
  A porcupine (Lair:5)
  A quasit (D:6)
  2 gnolls (D:3)
  A dart slug (D:3)
  25 fungi (Lair:6)
  2 lurking horrors (Abyss:2)
  47 plants
  A starspawn tentacle (Abyss:2)
92 creatures vanquished.

Grand Total: 2866 creatures vanquished

Notes
Turn   | Place    | Note
-------+----------+-------------------------------------------
     0 | D:1      | Jorund the Demonspawn Gladiator began the quest for the
                  | Orb.
     0 | D:1      | Reached XP level 1. HP: 16/16 MP: 1/1
   102 | D:1      | Gained mutation: You are partially covered in yellow
                  | scales. (AC +2) [demonic ancestry]
   102 | D:1      | Reached XP level 2. HP: 8/22 MP: 2/2
   743 | D:2      | Reached XP level 3. HP: 26/28 MP: 3/3
  1054 | D:2      | Gained mutation: You have a pair of small horns on your
                  | head. [demonic ancestry]
  1054 | D:2      | Reached XP level 4. HP: 34/34 MP: 4/4
  1135 | D:2      | Reached skill level 1 in Armour
  1435 | D:2      | Found a blossoming altar of Fedhas.
  2016 | D:3      | Gained mutation: You are mostly covered in yellow scales.
                  | (AC +3) [demonic ancestry]
  2016 | D:3      | Reached XP level 5. HP: 34/39 MP: 5/5
  2963 | D:4      | Gained mutation: You possess an exceptional clarity of
                  | mind. [potion of mutation]
  2963 | D:4      | Gained mutation: You are robust. (+10% HP) [potion of
                  | mutation]
  2963 | D:4      | Gained mutation: You are agile. (Dex +2) [potion of
                  | mutation]
  2963 | D:4      | Gained mutation: You are somewhat resistant to further
                  | mutation. [potion of mutation]
  3065 | D:4      | Reached skill level 3 in Fighting
  3262 | D:4      | Reached skill level 5 in Axes
  3262 | D:4      | Gained mutation: You have a pair of horns on your head.
                  | [demonic ancestry]
  3262 | D:4      | Reached XP level 6. HP: 51/51 MP: 6/6
  3290 | D:4      | Found a stormy altar of Qazlal.
  3579 | D:4      | Found a staircase to the Ecumenical Temple.
  3791 | Temple   | Entered the Ecumenical Temple
  3932 | Temple   | Became a worshipper of Warmaster Okawaru
  3985 | D:5      | Entered Level 5 of the Dungeon
  4151 | D:5      | Found a shattered altar of Ashenzari.
  4262 | D:5      | Reached XP level 7. HP: 50/57 MP: 7/7
  4342 | D:5      | Reached * piety under Okawaru
  4342 | D:5      | Reached skill level 1 in Shields
  4398 | D:5      | Noticed Ijyb
  4495 | D:5      | Killed Ijyb
  4751 | D:6      | Found Olazxagu's Magic Scroll Shoppe.
  4781 | D:6      | Bought a scroll of teleportation for 39 gold pieces
  4781 | D:6      | Bought a scroll of enchant weapon for 97 gold pieces
  4802 | D:6      | Noticed Prince Ribbit
  4985 | D:6      | Killed Prince Ribbit
  4985 | D:6      | Reached skill level 4 in Fighting
  5073 | D:6      | Reached ** piety under Okawaru
  5073 | D:6      | Gained mutation: You are partially covered in sharp spines.
                  | [demonic ancestry]
  5073 | D:6      | Reached XP level 8. HP: 53/66 MP: 8/8
  5183 | D:6      | Reached skill level 1 in Evocations
  5302 | D:6      | Found a sparkling altar of Nemelex Xobeh.
  5351 | D:6      | Found Gody's General Store.
  5643 | D:7      | Reached skill level 5 in Fighting
  5656 | D:7      | Reached *** piety under Okawaru
  5831 | D:7      | Mutation became permanent: You are robust. (+10% HP)
                  | [demonic ancestry]
  5831 | D:7      | Gained mutation: You are robust. (+10% HP) [demonic
                  | ancestry]
  5831 | D:7      | Reached XP level 9. HP: 47/74 MP: 8/10
  6750 | D:7      | Found a bloodstained altar of Trog.
  6760 | D:7      | Found an ancient bone altar of Kikubaaqudgha.
  6884 | D:8      | Reached skill level 6 in Fighting
  7088 | D:8      | Found a shimmering altar of Xom.
  7200 | D:8      | Found a bloodstained altar of Trog.
  7217 | D:8      | Found a shimmering altar of Xom.
  7248 | D:8      | Reached **** piety under Okawaru
  7312 | D:8      | Paralysed by a hornet for 3 turns
  7318 | D:8      | Reached skill level 10 in Axes
  7544 | D:9      | Noticed a troll
  7591 | D:8      | Noticed an eye of devastation
  7661 | D:9      | Reached skill level 7 in Fighting
  7720 | D:9      | Reached XP level 10. HP: 55/86 MP: 4/11
  7870 | D:9      | Got a faintly glowing rapier
  7959 | D:9      | Noticed a two-headed ogre
  7973 | D:9      | Killed a two-headed ogre
  7973 | D:9      | Reached ***** piety under Okawaru
  7973 | D:9      | Received a gift from Okawaru
  8005 | D:9      | Found a roughly hewn altar of Beogh.
  8046 | D:9      | Found a staircase to the Lair.
  8099 | D:9      | Found Ejorabb's Distillery.
  8230 | D:9      | Bought a potion of curing for 48 gold pieces
  8666 | D:10     | Entered Level 10 of the Dungeon
  8674 | D:10     | Reached skill level 5 in Armour
  8708 | D:10     | Noticed an unseen horror
  8727 | D:10     | Killed an unseen horror
  8727 | D:10     | Reached skill level 8 in Fighting
  8765 | D:10     | Noticed a centaur warrior
  8766 | D:10     | Noticed a two-headed ogre
  8768 | D:10     | Noticed a gargoyle
  8771 | D:10     | Received a gift from Okawaru
  8774 | D:10     | Killed a centaur warrior
  8774 | D:10     | Reached skill level 1 in Invocations
  8921 | D:10     | Received a gift from Okawaru
  8951 | D:10     | Noticed a cyclops
  9130 | D:10     | Killed a cyclops
  9130 | D:10     | Gained mutation: You have a pair of large horns on your
                  | head. [demonic ancestry]
  9130 | D:10     | Reached XP level 11. HP: 56/95 MP: 8/12
  9268 | D:10     | Noticed Urug
  9275 | D:10     | Killed Urug
  9552 | D:10     | Reached skill level 9 in Fighting
  9583 | D:10     | Noticed Psyche
 10173 | D:10     | Killed a two-headed ogre
 10754 | Lair:1   | Entered Level 1 of the Lair of Beasts
 11334 | Lair:1   | Received a gift from Okawaru
 11881 | Lair:2   | You fall into a shaft and drop 2 floors!
 11897 | Lair:4   | Noticed a five-headed hydra
 11912 | Lair:4   | Reached XP level 12. HP: 83/106 MP: 13/13
 11913 | Lair:4   | Found a shimmering blue altar of Sif Muna.
 11923 | Lair:4   | Reached skill level 10 in Fighting
 11940 | Lair:4   | Killed a five-headed hydra
 12028 | Lair:4   | Noticed a six-headed hydra
 12270 | Lair:4   | Killed a six-headed hydra
 12270 | Lair:4   | Reached skill level 1 in Maces & Flails
 12454 | Lair:3   | Noticed a death yak
 12766 | Lair:2   | Received a gift from Okawaru
 12848 | Lair:2   | Found a staircase to the Snake Pit.
 12848 | Lair:2   | Noticed a death yak
 12848 | Lair:2   | Noticed a death yak
 12848 | Lair:2   | Noticed a death yak
 13002 | D:6      | Bought a scroll of acquirement for 572 gold pieces
 13109 | Lair:2   | Killed a death yak
 13294 | Lair:2   | Killed a death yak
 13303 | Lair:2   | Killed a death yak
 13335 | Lair:2   | Found a staircase to the Swamp.
 14420 | Lair:3   | Killed a death yak
 14687 | Lair:3   | Reached skill level 11 in Fighting
 14706 | Lair:3   | Reached skill level 5 in Invocations
 15180 | Lair:5   | Found a staircase to the Slime Pits.
 15196 | Lair:5   | Got a faintly glowing chain mail
 15266 | Lair:5   | Identified the +1 chain mail "Qeskiot" {rF+ rN+} (You found
                  | it on level 5 of the Lair of Beasts)
 15363 | Lair:5   | Gained mutation: You are mostly covered in sharp spines.
                  | [demonic ancestry]
 15363 | Lair:5   | Reached XP level 13. HP: 58/116 MP: 9/16
 15613 | Lair:5   | Reached ****** piety under Okawaru
 15985 | Lair:6   | Entered Level 6 of the Lair of Beasts
 16246 | Lair:6   | Received a gift from Okawaru
 17467 | Lair:6   | Reached skill level 15 in Axes
 18287 | Lair:6   | Received a gift from Okawaru
 18524 | Lair:6   | Gained mutation: When hurt, damage is shared between your
                  | health and your magic reserves. [demonic ancestry]
 18524 | Lair:6   | Reached XP level 14. HP: 115/125 MP: 17/20
 19613 | D:11     | Found the +2 ratskin cloak {+Rats rPois rN+ Str-1 Int-1
                  | Dex+1}
 19742 | D:12     | Found a staircase to the Orcish Mines.
 19791 | D:12     | Reached skill level 12 in Fighting
 20254 | D:12     | Found a portal to a secret trove of treasure.
 21003 | D:13     | Found the +9 heavy crossbow "Sniper" {velocity, Acc+∞ SInv}
 21018 | D:13     | Reached skill level 10 in Armour
 21083 | D:13     | Received a gift from Okawaru
 21116 | D:13     | Reached skill level 10 in Invocations
 21124 | D:13     | Found a gate to the Vaults.
 22185 | D:14     | Noticed Jorgrun
 22201 | D:14     | Killed Jorgrun
 22201 | D:14     | Gained mutation: You are very robust. (+20% HP) [demonic
                  | ancestry]
 22201 | D:14     | Reached XP level 15. HP: 100/146 MP: 14/22
 22251 | D:14     | Received a gift from Okawaru
 22907 | D:15     | Entered Level 15 of the Dungeon
 23032 | D:15     | Reached skill level 13 in Fighting
 23084 | D:15     | Found a radiant altar of Vehumet.
 23326 | D:15     | Noticed Kirke
 23337 | D:15     | Killed Kirke
 23767 | D:15     | Received a gift from Okawaru
 23808 | D:15     | Found a staircase to the Depths.
 24114 | Orc:1    | Entered Level 1 of the Orcish Mines
 24126 | Orc:1    | Noticed Erolcha
 24135 | Orc:1    | Killed Erolcha
 24678 | Orc:2    | Entered Level 2 of the Orcish Mines
 24729 | Orc:2    | Found a staircase to the Elven Halls.
 25133 | Orc:2    | Found Saacw's Weapon Emporium.
 25133 | Orc:2    | Found Ucefidug's Antique Armour Shop.
 25148 | Orc:2    | Found Ymie's Antique Weapon Emporium.
 25148 | Orc:2    | Found Vimijeuj's Weapon Shop.
 25524 | Orc:2    | Received a gift from Okawaru
 25702 | Elf:1    | Entered Level 1 of the Elven Halls
 25961 | Elf:1    | Gained mutation: You regenerate magic rapidly. [demonic
                  | ancestry]
 25961 | Elf:1    | Reached XP level 16. HP: 154/158 MP: 23/23
 26648 | Elf:1    | Reached skill level 14 in Fighting
 27303 | Elf:2    | Found an ancient bone altar of Kikubaaqudgha.
 27603 | Elf:2    | Found a ruined gateway.
 27666 | Desolati | Entered the Desolation of Salt
 27779 | Desolati | Received a gift from Okawaru
 27803 | Desolati | Got an ancient shield {god gift}
 28159 | Desolati | Identified the Catalogue of Supportive Self-Improvement
 28162 | Desolati | Identified the +10 broad axe "Dago" {flame, rN+} (You found
                  | it in the Desolation of Salt)
 28179 | Desolati | Identified the +6 shield "Lif Osou" {+Fly rF+ MR+ Str+4}
                  | (Okawaru gifted it to you in the Desolation of Salt)
 28383 | Desolati | Identified the +6 plate armour "Pour" {rC+ Int-2 Stlth+}
                  | (You found it in the Desolation of Salt)
 28492 | Desolati | Reached skill level 5 in Evocations
 28831 | Desolati | Found the cursed +13 scythe of Curses {drain, *Curse}
 28847 | Desolati | Got a bloodstained chain mail
 28876 | Desolati | Got an ancient broad axe
 29055 | Desolati | Received a gift from Okawaru
 29059 | Desolati | Gained mutation: When low on magic, you restore magic in
                  | place of health. [demonic ancestry]
 29059 | Desolati | Reached XP level 17. HP: 152/168 MP: 22/24
 29521 | Desolati | Reached skill level 15 in Fighting
 29549 | Desolati | Identified the +8 broad axe of Kytat {freeze, Str+5} (You
                  | found it in the Desolation of Salt)
 29622 | Elf:2    | Received a gift from Okawaru
 29628 | Elf:2    | Identified the +9 lajatang "Tormentor" {venom, rElec rPois
                  | rF- Int+5}
 29630 | Elf:2    | Identified the +4 dire flail of the Grave {holy, rC++ rN++
                  | Str-4}
 29888 | Elf:2    | Found a huge runed translucent gate.
 29888 | Elf:2    | Found a huge runed translucent gate.
 29888 | Elf:2    | Found a huge runed translucent gate.
 29888 | Elf:2    | Found a huge runed translucent gate.
 29888 | Elf:2    | Found a huge runed translucent gate.
 30642 | Swamp:1  | Entered Level 1 of the Swamp
 30771 | Swamp:1  | Received a gift from Okawaru
 30774 | Swamp:1  | Got a crude broad axe {god gift}
 30775 | Swamp:1  | Identified the +8 broad axe "Otsas" {flame, rN+} (Okawaru
                  | gifted it to you on level 1 of the Swamp)
 30796 | Swamp:1  | Identified the +4 chain mail "Sesun" {rElec rC++ MR- rCorr}
                  | (You found it in the Desolation of Salt)
 31791 | Swamp:3  | Noticed Louise
 31798 | Swamp:2  | Upgraded the game from 0.24-a0-613-g1ff6aac338 to
                  | 0.24-a0-615-g751f86b5a9
 32088 | Swamp:3  | Received a gift from Okawaru
 32311 | Swamp:4  | Entered Level 4 of the Swamp
 32437 | Swamp:4  | Noticed Nikola
 32448 | Swamp:4  | Killed Nikola
 32463 | Swamp:4  | Gained mutation: You are completely covered in yellow
                  | scales. (AC +4, rCorr) [demonic ancestry]
 32463 | Swamp:4  | Reached XP level 18. HP: 112/181 MP: 20/25
 32536 | Swamp:4  | Reached skill level 16 in Fighting
 32898 | Swamp:4  | Noticed the 27-headed Lernaean hydra
 32912 | Swamp:4  | Killed the 26-headed Lernaean hydra
 32912 | Swamp:4  | Received a gift from Okawaru
 32916 | Swamp:4  | Got a pair of ichor-stained boots {god gift}
 33333 | Swamp:4  | Got a decaying rune of Zot
 33710 | Swamp:3  | Identified the +0 pair of boots of the Eagle {rF+ rN+
                  | Regen+ Dex-4} (Okawaru gifted it to you on level 4 of the
                  | Swamp)
 34002 | D:10     | Killed Psyche
 34091 | Vaults:1 | Entered Level 1 of the Vaults
 34394 | Vaults:1 | Noticed a tentacled monstrosity
 34412 | Vaults:1 | Killed a tentacled monstrosity
 34429 | Vaults:1 | Received a gift from Okawaru
 34637 | Vaults:1 | Received a gift from Okawaru
 34915 | Vaults:1 | Reached skill level 17 in Fighting
 35328 | Vaults:1 | Reached XP level 19. HP: 192/193 MP: 26/26
 35683 | Vaults:2 | Reached skill level 10 in Evocations
 35686 | Vaults:2 | Cast into level 2 of the Abyss (a wizard)
 35742 | Abyss:2  | Noticed a bone dragon
 35751 | Abyss:2  | Killed a bone dragon
 35797 | Abyss:2  | Noticed a bone dragon
 35811 | Abyss:2  | Killed a bone dragon
 35833 | Vaults:2 | Escaped the Abyss
 35890 | Vaults:2 | Received a gift from Okawaru
 37032 | Vaults:3 | Found a flickering gateway to a bazaar.
 37037 | Bazaar   | Entered a bazaar
 37038 | Bazaar   | Found Foempoot's Magic Scroll Shop.
 37046 | Bazaar   | Found Wodesm's Book Emporium.
 37056 | Bazaar   | Found Nathek's Assorted Antiques.
 37062 | Bazaar   | Found Edune's Book Boutique.
 37068 | Bazaar   | Found Ytyry's Gadget Shop.
 37094 | Bazaar   | Bought a potion of haste for 240 gold pieces
 37094 | Bazaar   | Bought a scroll of identify for 48 gold pieces
 37094 | Bazaar   | Bought a scroll of identify for 48 gold pieces
 37112 | Bazaar   | Bought a scroll of enchant weapon for 90 gold pieces
 37112 | Bazaar   | Bought a scroll of teleportation for 36 gold pieces
 37112 | Bazaar   | Bought a scroll of identify for 24 gold pieces
 37112 | Bazaar   | Bought a scroll of enchant armour for 90 gold pieces
 37112 | Bazaar   | Bought a scroll of identify for 24 gold pieces
 37130 | Bazaar   | Bought a scroll of enchant armour for 180 gold pieces
 37183 | Vaults:3 | Received a gift from Okawaru
 37226 | Vaults:3 | Noticed Saint Roka
 37240 | Vaults:3 | Killed Saint Roka
 37461 | Vaults:3 | Found a staircase to the Crypt.
 37470 | Vaults:3 | Reached skill level 18 in Fighting
 37614 | Vaults:3 | Received a gift from Okawaru
 37871 | Vaults:3 | Identified the cursed +1 hunting sling of Deflation {venom,
                  | rF+ rN++ Stlth-}
 38321 | Vaults:3 | Reached XP level 20. HP: 189/205 MP: 26/28
 38950 | Vaults:4 | Received a gift from Okawaru
 39127 | Vaults:4 | Found Qiytt's Jewellery Emporium.
 39602 | Snake:1  | Entered Level 1 of the Snake Pit
 40566 | Snake:2  | Received a gift from Okawaru
 40582 | Snake:2  | Got a pair of slimy boots {god gift}
 40594 | Snake:2  | Identified the +0 pair of boots "Cotaekask" {+Blink rC+
                  | Stlth+} (Okawaru gifted it to you on level 2 of the Snake
                  | Pit)
 40736 | Snake:2  | Found a stormy altar of Qazlal.
 41005 | Snake:2  | Found Ozein's Weapon Shop.
 41379 | Snake:3  | Found Jicvid's Food Boutique.
 41692 | Snake:3  | Found Roeleo's Jewellery Shoppe.
 41780 | Snake:3  | Found Examu's Gadget Boutique.
 41781 | Snake:3  | Found Meutt's Jewellery Shoppe.
 41823 | Snake:3  | Reached skill level 19 in Fighting
 42356 | Snake:4  | Entered Level 4 of the Snake Pit
 43288 | Snake:4  | Received a gift from Okawaru
 43414 | Snake:4  | Reached XP level 21. HP: 112/216 MP: 23/30
 43601 | Snake:4  | Received a gift from Okawaru
 43861 | Snake:4  | Got a serpentine rune of Zot
 44287 | Elf:2    | Cast into level 2 of the Abyss (+2 quick blade of
                  | distortion)
 44287 | Hell     | Entered the Vestibule of Hell
 44400 | Abyss:2  | Found a corrupted altar of Lugonu.
 44527 | Abyss:2  | Found a shimmering altar of Xom.
 44600 | Abyss:2  | Received a gift from Okawaru
 44780 | Elf:2    | Escaped the Abyss
 45052 | Elf:3    | Entered Level 3 of the Elven Halls
 45088 | Elf:3    | Found a runed translucent gate.
 45088 | Elf:3    | Found a runed translucent gate.
 45088 | Elf:3    | Found an opulent altar of Gozag.
 45088 | Elf:3    | Found a runed translucent gate.
 45089 | Elf:3    | Found Zunosuts's Assorted Antiques.
 45089 | Elf:3    | Noticed Goack's ghost (adept HOFi)
 45091 | Elf:3    | Found Plog's Assorted Antiques.
 45111 | Elf:3    | Killed Goack's ghost
 45298 | Elf:3    | Noticed Donald
 45308 | Elf:3    | Killed Donald
 45329 | Elf:3    | Noticed Bai Suzhen
 45341 | Elf:3    | Killed Bai Suzhen
 45565 | Elf:3    | Reached skill level 20 in Fighting
 45825 | Elf:3    | Reached skill level 15 in Armour
 45825 | Elf:3    | Identified the +3 falchion "Jellybane" {freeze, rPois
                  | Str+4}
 45832 | Elf:3    | Identified the +10 flail of Otoumeic {freeze, rC+ Str+2}
 45915 | Elf:3    | Identified the amulet "Yjocum" {*Drain +Rage rPois rC+
                  | Str+8 Int+3}
 45927 | Elf:3    | Identified the amulet of Ascent {Faith -Tele rPois Str+7
                  | Stlth+}
 45984 | Elf:3    | Received a gift from Okawaru
 46028 | Elf:3    | Identified the amulet "Niuxaun" {Reflect rElec MR+ SH+5}
 46188 | Elf:3    | Identified the +6 short sword "Yryj" {drain, rC+ Int+2
                  | Dex+2}
 46188 | Elf:3    | Identified the ring of Usuoser {rElec MR- Int+2 Dex+3
                  | Stlth+}
 46191 | Elf:3    | Gained mutation: You are completely covered in sharp
                  | spines. [demonic ancestry]
 46191 | Elf:3    | Reached XP level 22. HP: 228/228 MP: 31/31
 46230 | Elf:3    | Identified the Guide on the Mutagenic Compass
 46625 | Crypt:1  | Entered Level 1 of the Crypt
 46882 | Depths:1 | Entered Level 1 of the Depths
 47167 | Depths:1 | Found Nepto's Weapon Boutique.
 47215 | Depths:1 | Found a runed translucent door.
 47401 | Depths:1 | Found a gateway to Hell.
 47414 | Depths:1 | Received a gift from Okawaru
 47482 | Depths:1 | Reached skill level 5 in Dodging
 48123 | Depths:2 | Received a gift from Okawaru
 48149 | Depths:2 | Received a gift from Okawaru
 48164 | Depths:2 | Reached skill level 21 in Fighting
 48561 | Depths:2 | Found a runed translucent gate.
 48561 | Depths:2 | Found a runed translucent gate.
 48561 | Depths:2 | Found a runed translucent gate.
 48603 | Depths:2 | Got a pair of transparent boots
 48646 | Depths:2 | Identified the +1 pair of boots of Hinumume {rPois rN+++
                  | rCorr Str-2} (You acquired it on level 2 of the Depths)
 48679 | Depths:2 | Noticed a juggernaut
 48698 | Depths:2 | Reached XP level 23. HP: 223/240 MP: 29/32
 48710 | Depths:2 | Received a gift from Okawaru
 48713 | Depths:2 | Got a heavily runed chain mail {god gift}
 48715 | Depths:2 | Identified the +1 chain mail "Fajoh" {rPois MR+} (Okawaru
                  | gifted it to you on level 2 of the Depths)
 48841 | Depths:2 | Found a runed translucent gate.
 48841 | Depths:2 | Found a runed translucent gate.
 48841 | Depths:2 | Found a runed translucent gate.
 49260 | Depths:2 | Killed a juggernaut
 49751 | D:12     | You paid a toll of a +8 demon whip to enter a treasure
                  | trove
 49752 | Trove    | Entered a treasure trove
 49755 | Trove    | Got a glittering copper ring
 49757 | Trove    | Got a twitching golden amulet
 49759 | Trove    | Got a translucent copper amulet
 49763 | Trove    | Got a scintillating crystal amulet
 49765 | Trove    | Got a sparkling golden amulet
 49772 | Trove    | Got a glittering lapis lazuli ring
 49785 | Trove    | Got a bound granite ring
 49794 | Trove    | Got a glittering platinum ring
 49799 | Trove    | Got a transparent copper ring
 49800 | Trove    | Identified the amulet "Torecrua" {RegenMP Str+3} (You found
                  | it in a treasure trove)
 49801 | Trove    | Identified the amulet "Jeghi" {Acrobat -Tele Dex+7 Stlth+}
                  | (You found it in a treasure trove)
 49802 | Trove    | Identified the amulet of Finality {Acrobat rC+} (You found
                  | it in a treasure trove)
 49803 | Trove    | Identified the amulet "Budynlaj" {Harm *Drain rF++ rC-
                  | Dex+4} (You found it in a treasure trove)
 49813 | Trove    | Got a warped tin ring
 49819 | Trove    | Identified the ring "Wugh" {rPois rF+ rC- Str+3 Dex+3} (You
                  | found it in a treasure trove)
 49822 | Trove    | Identified the ring "Opheclut" {rF+ rN+} (You found it in a
                  | treasure trove)
 49824 | Trove    | Identified the ring of Cuynwim {Wiz rElec rN++ Int+3
                  | Stlth+} (You found it in a treasure trove)
 49826 | Trove    | Identified the ring "Pati" {rElec Str+8 Stlth+} (You found
                  | it in a treasure trove)
 49828 | Trove    | Identified the ring "Noack" {rF+ rC+} (You found it in a
                  | treasure trove)
 49830 | Trove    | Identified the ring "Jiluff" {*Drain rPois MR+ Dex+7} (You
                  | found it in a treasure trove)
 50161 | Depths:3 | Noticed a juggernaut
 50177 | Depths:3 | Killed a juggernaut
 50191 | Depths:3 | Received a gift from Okawaru
 50468 | Depths:3 | Got a pair of jewelled boots {god gift}
 50490 | Depths:3 | Identified the +2 pair of boots "Hoham" {+Blink MP+9}
                  | (Okawaru gifted it to you on level 3 of the Depths)
 50823 | Depths:3 | Found a gateway to a ziggurat.
 50833 | Depths:3 | Reached skill level 22 in Fighting
 51143 | Depths:3 | Found a one-way gate leading to the halls of Pandemonium.
 51746 | Depths:4 | Gained mutation: You are extremely robust. (+30% HP)
                  | [demonic ancestry]
 51746 | Depths:4 | Reached XP level 24. HP: 232/274 MP: 32/32
 51752 | Depths:4 | Received a gift from Okawaru
 51753 | Depths:4 | Got a slimy scale mail {god gift}
 51791 | Depths:4 | Found Coull's Antique Armour Boutique.
 51817 | Depths:4 | Identified the +1 scale mail of Jyowe {rElec rC+ rN+++}
                  | (Okawaru gifted it to you on level 4 of the Depths)
 51830 | Depths:4 | Bought a dazzling chain mail for 389 gold pieces
 51830 | Depths:4 | Bought a pair of spiked boots for 389 gold pieces
 51832 | Depths:4 | Identified the +2 chain mail of Tachi {rElec Dex+3 Stlth+}
                  | (You bought it in a shop on level 4 of the Depths)
 51847 | Depths:4 | Identified the +0 pair of boots of Bitterness {*Contam +Inv
                  | Int+4 Slay+5} (You bought it in a shop on level 4 of the
                  | Depths)
 52753 | Depths:5 | Entered Level 5 of the Depths
 52825 | Depths:5 | Noticed Boris
 52839 | Depths:5 | Killed Boris
 52853 | Depths:5 | Noticed a juggernaut
 52868 | Depths:5 | Killed a juggernaut
 52882 | Depths:5 | Received a gift from Okawaru
 53005 | Depths:5 | Found a gate to the Realm of Zot.
 53079 | Depths:5 | Found a snail-covered altar of Cheibriados.
 53080 | Depths:5 | Found a hazy altar of Hepliaklqana.
 53080 | Depths:5 | Found an ancient bone altar of Kikubaaqudgha.
 53095 | Depths:5 | Noticed a juggernaut
 53104 | Depths:5 | Killed a juggernaut
 53115 | Depths:5 | Reached skill level 10 in Dodging
 53126 | Depths:5 | Noticed a juggernaut
 53134 | Depths:5 | Killed a juggernaut
 53156 | Depths:5 | Noticed Mennas
 53173 | Depths:5 | Noticed a juggernaut
 53176 | Depths:5 | Killed Mennas
 53188 | Depths:5 | Killed a juggernaut
 53188 | Depths:5 | Reached skill level 23 in Fighting
 53231 | Depths:5 | Received a gift from Okawaru
 53378 | Depths:5 | Reached XP level 25. HP: 250/287 MP: 30/33
 53492 | Depths:5 | Noticed a juggernaut
 53503 | Depths:5 | Killed a juggernaut
 53503 | Depths:5 | Received a gift from Okawaru
 53537 | Depths:5 | Noticed a juggernaut
 53560 | Depths:5 | Killed a juggernaut
 53826 | Depths:5 | Noticed a juggernaut
 53836 | Depths:5 | Killed a juggernaut
 53838 | Depths:5 | Paralysed by a sphinx for 6 turns
 53985 | Depths:5 | Upgraded the game from 0.24-a0-615-g751f86b5a9 to
                  | 0.24-a0-618-ge4662a2d14
 54997 | Crypt:1  | Identified the +1 robe of Protective Custody {Int+3 Dex+3}
 55520 | Crypt:1  | Received a gift from Okawaru
 55523 | Crypt:1  | Got a shimmering large shield {god gift}
 55524 | Crypt:1  | Identified the +2 large shield "Hialleapo" {MR+} (Okawaru
                  | gifted it to you on level 1 of the Crypt)
 55810 | Crypt:2  | Noticed Boris
 55823 | Crypt:2  | Killed Boris
 55872 | Crypt:2  | Reached skill level 24 in Fighting
 56682 | Crypt:3  | Entered Level 3 of the Crypt
 56750 | Crypt:3  | Reached XP level 26. HP: 286/300 MP: 33/34
 57632 | Crypt:3  | Found a staircase to the Tomb.
 57751 | Crypt:3  | Identified the ring of Ohep {+Blink rN+ Str+9 Int-5 SInv}
 57753 | Crypt:3  | Identified the ring "Esedgh" {rF+ rN+ Stlth+}
 57754 | Crypt:3  | Received a gift from Okawaru
 57803 | Crypt:3  | Identified the +11 broad axe of Anguish {protect, rC+
                  | Str+4} (Okawaru gifted it to you on level 3 of the Crypt)
 57904 | Crypt:3  | Found a basalt altar of Yredelemnul.
 57906 | Crypt:3  | Found an ancient bone altar of Kikubaaqudgha.
 57969 | Crypt:3  | Identified the Grimoire of Evil
 58255 | Vaults:5 | Entered Level 5 of the Vaults
 58296 | Vaults:5 | Received a gift from Okawaru
 58300 | Vaults:5 | Identified the -4 pair of gloves "Beushil" {Int+2 Dex+6}
                  | (Okawaru gifted it to you on level 5 of the Vaults)
 58494 | Vaults:5 | Identified the +1 robe "Ummoqorgh" {Dex+3}
 58725 | Vaults:5 | Got a silver rune of Zot
 58902 | Vaults:5 | Reached skill level 5 in Shields
 58987 | Vaults:5 | Reached skill level 25 in Fighting
 59153 | Vaults:5 | Reached XP level 27. HP: 271/314 MP: 33/34
 59235 | Vaults:5 | Got a shimmering lajatang
 59250 | Vaults:5 | Identified the +3 war axe "Biecid" {vamp, *Contam rF++}
 59272 | Vaults:5 | Identified the +5 lajatang of Zin's Hope {elec, rElec} (You
                  | found it on level 5 of the Vaults)
 59633 | Vaults:5 | Identified the Papyrus of Helpful Intoxication
 60432 | Depths:4 | Found a one-way gate to the infinite horrors of the Abyss.
 60466 | Depths:4 | Received a gift from Okawaru
 60738 | Zot:1    | Entered Level 1 of the Realm of Zot
 61028 | Zot:1    | Noticed an orb of fire
 61035 | Zot:1    | Gained mutation: Your body sometimes deteriorates upon
                  | taking damage. [an orb of fire]
 61040 | Zot:1    | Killed an orb of fire
 61444 | Zot:1    | Found a runed translucent door.
 61444 | Zot:1    | Noticed mandick's ghost (legendary KoAr)
 61568 | Zot:2    | Noticed an orb of fire
 61571 | Zot:2    | Gained mutation: Your natural rate of healing is unusually
                  | fast. [an orb of fire]
 61589 | Zot:2    | Killed an orb of fire
 61590 | Zot:2    | Reached skill level 10 in Shields
 61703 | Zot:2    | Found a transporter.
 61824 | Zot:2    | Received a gift from Okawaru
 61864 | Zot:2    | Noticed an orb of fire
 61887 | Zot:2    | Killed an orb of fire
 61954 | Zot:2    | Found a transporter.
 62232 | Zot:2    | Noticed an orb of fire
 62251 | Zot:2    | Killed an orb of fire
 62251 | Zot:2    | Received a gift from Okawaru
 62288 | Zot:2    | Gained mutation: You are dopey. (Int -2) [a cacodemon]
 62294 | Zot:2    | Gained mutation: You occasionally shout uncontrollably at
                  | your foes. [a cacodemon]
 62589 | Zot:2    | Identified the ring of the Lizard {+Blink Int+3} (You found
                  | it on level 2 of the Realm of Zot)
 62600 | Zot:2    | Identified the ring "Suno" {MR+ Dex+7} (You found it on
                  | level 2 of the Realm of Zot)
 62831 | Zot:3    | Received a gift from Okawaru
 62832 | Zot:3    | You fall into a shaft and drop 1 floor!
 62914 | Zot:3    | Identified the +4 shield "Ceis" {Dex+3} (Okawaru gifted it
                  | to you on level 3 of the Realm of Zot)
 63158 | Zot:3    | Reached skill level 15 in Shields
 63832 | Zot:4    | Reached skill level 26 in Fighting
 64141 | Zot:4    | Received a gift from Okawaru
 64141 | Zot:4    | Reached skill level 15 in Evocations
 64294 | Zot:5    | Entered Level 5 of the Realm of Zot
 64936 | Zot:5    | Noticed an orb of fire
 64939 | Zot:5    | Noticed an ancient lich
 64942 | Zot:5    | Gained mutation: You are very dopey. (Int -4) [an orb of
                  | fire]
 64942 | Zot:5    | Noticed an orb of fire
 64953 | Zot:5    | Noticed an orb of fire
 64954 | Zot:5    | Killed an orb of fire
 64958 | Zot:5    | Killed an ancient lich
 64958 | Zot:5    | Reached skill level 27 in Fighting
 64967 | Zot:5    | Killed an orb of fire
 64967 | Zot:5    | Received a gift from Okawaru
 64991 | Zot:5    | Killed an orb of fire
 65009 | Zot:5    | Noticed an ancient lich
 65016 | Zot:5    | Noticed an ancient lich
 65018 | Zot:5    | Killed an ancient lich
 65030 | Zot:5    | Killed an ancient lich
 65030 | Zot:5    | Received a gift from Okawaru
 65039 | Zot:5    | Noticed an ancient lich
 65051 | Zot:5    | Killed an ancient lich
 65183 | Zot:5    | Noticed an orb of fire
 65201 | Zot:5    | Killed an orb of fire
 65288 | Zot:5    | Received a gift from Okawaru
 65400 | Zot:5    | Got the Orb of Zot
 65631 | Depths:5 | Noticed Lacw the pandemonium lord
 65672 | Depths:5 | Killed Lacw the pandemonium lord
 65690 | Depths:4 | Noticed Kun Maso the pandemonium lord
 65710 | Depths:4 | Killed Kun Maso the pandemonium lord
 65978 | D:9      | Received a gift from Okawaru
 66079 | D:2      | Noticed Upnealov the pandemonium lord
 66086 | D:2      | Killed Upnealov the pandemonium lord
 66111 | D:$      | Escaped with the Orb!

Levels and vault maps discovered:
D:1:      grunt_arrival_lava_bath, layout_rooms
D:2:      layout_basic, fedhas_altar_4, roderic_filled_cross,
          minmay_tetromino_t4
D:3:      layout_basic, lemuel_old_faithful
D:4:      layout_loops_ring, nicolae_qazlal_general_emergency,
          minmay_temple_entry_tees, first_ration, roderic_lattice_a
D:5:      layout_gridville, cheibrodos_ashenzari_chains, serial_bayou_pond_d,
          uniq_ijyb
D:6:      layout_rooms, nemelex_xobeh_ov_fountains_minmay, serial_shops, shop,
          nicolae_shop_temple_entry_statues_fountains, uniq_prince_ribbit1
D:7:      layout_basic, amethyst_overflow_temple_binary
D:8:      layout_basic, xom_shifter_show, basic_altar
D:9:      layout_rooms, lair_entry_dummy, serial_shops,
          nicolae_shop_behind_doors, special_room [special_room_orc]
D:10:     layout_basic, serial_undead, serial_undead_b, serial_undead_e,
          serial_undead_f, serial_undead_a, minmay_fractal_squares_5, uniq_urug,
          uniq_psyche
D:11:     layout_roguey [special_room_bee]
D:12:     layout_loops_ring, erik_orc_4, nicolae_trove_entry_crystal
D:13:     layout_small_grid, lightli_vaults_fourway_checkpoint, hangedman_ranch
          [blue_anna_fruit_fields], minmay_lindwurm_lava
D:14:     layout_loops_ring, chequers_serial_rivers_micro_b,
          nicolae_underground_beach, uniq_jorgrun
D:15:     grunt_enter_depths_magical_seal, layout_stronghold, lemuel_tele_altar,
          uniq_kirke
Temple:   regret_index_temple_generic_petals
Lair:1:   layout_roguey, beast_lair_carwin_11, infiniplex_staircase_pool
Lair:2:   layout_cave_pods, minmay_swamp_entry_worms, dummy_snake_entry
Lair:3:   layout_gridlike
Lair:4:   layout_cave_shapes, basic_altar
Lair:5:   layout_loops_ring, nicolae_slime_entry_slimehenge
Lair:6:   minmay_lair_end_frog_pond, layout_small_grid, lemuel_fruit_tree
Swamp:1:  layout_basic_swamp, hangedman_swamp_blocks
Swamp:2:  layout_falls_marsh, evilmike_swamp_ruin_rubble_2, swamp_pool5
Swamp:3:  layout_falls_marsh, serial_swamp_ruin, evilmike_swamp_ruin_house_2,
          evilmike_swamp_ruin_house_6, uniq_louise
Swamp:4:  swamp_old_school, layout_basic_swamp, swamp_pool4,
          nicolae_swamp_dense_foliage, uniq_nikola
Snake:1:  layout_concentric_octagons
Snake:2:  layout_rooms, basic_altar, serial_shops, nicolae_shop_trees,
          nicolae_snake_single_loop, serial_bayou_shore_b
Snake:3:  layout_chambers, serial_shops, shop, nicolae_snake_double_loop,
          minmay_shop_grove
Snake:4:  snake_pit, layout_cave_pods
Orc:1:    layout_caves, uniq_erolcha
Orc:2:    grunt_orc_tribal_feast, layout_caves
Elf:1:    minmay_elf_arrival_circle, layout_onion_city,
          hangedman_corner_corridor
Elf:2:    layout_gridlike, portal_desolation_entry_garden, basic_altar,
          minmay_the_grid_square_5x5_3x3_mashed
          [minmay_the_grid_square_5x5_inner_i,
          minmay_the_grid_square_5x5_misaligned, minmay_the_grid_square_5x5_z,
          minmay_the_grid_square_5x5_sharp_hourglass,
          minmay_the_grid_square_5x5_megaprize_checkered,
          minmay_the_grid_square_5x5_two_walls_b,
          minmay_the_grid_square_5x5_hourglass,
          minmay_the_grid_square_5x5_forky,
          minmay_the_grid_square_5x5_beaten_path]
Elf:3:    minmay_elf_hall_x, layout_geoelf_octagon, ebering_ghost_gozag,
          uniq_bai_suzhen, uniq_donald
Vaults:1: hangedman_vaults_locks, v_pattern_4, v_misc_26,
          vaults_room_grunt_arrival_ludios, grunt_vaults_trifunnel,
          hangedman_vaults_stream, nicolae_vaults_circle_grid_a, st_more_cells,
          nicolae_vaults_specimen_jars, ontoclasm_vaults_ring_small,
          nicolae_vaults_asterisk, layout_vaults_big_cross
Vaults:2: st_octagons_2, vaults_dpeg_encased_lava,
          nicolae_vaults_little_squares_4, nicolae_vaults_little_squares_2,
          v_misc_18, v_misc_8, v_misc_17, vaults_dpeg_diagonal,
          vaults_room_ringed_pool, vaults_room_semicircle,
          nicolae_vaults_little_squares_1, grunt_vaults_twisty,
          layout_vaults_ring
Vaults:3: minmay_crypt_entry_simple_plaza, nicolae_vaults_inception_corners,
          v_misc_2, nicolae_vaults_network_s, hangedman_vaults_stagger,
          nicolae_vaults_little_squares_5, ontoclasm_vaults_tryst,
          vaults_room_pools, nicolae_vaults_little_squares_2,
          layout_vaults_omnigrid, serial_shops, bzr_entry_road, uniq_saint_roka
Vaults:4: ontoclasm_vaults_decontamination, v_alt_pattern_3,
          ontoclasm_vaults_fault, v_rooms_4, grunt_vaults_focal,
          nicolae_vaults_network_square, vaults_room_octagon, vaults_dpeg_doors,
          vaults_standard_mumra_enter_the_diamond, v_misc_17, vaults_dpeg_ring,
          vaults_room_pools, vaults_room_fours, vaults_dpeg_cross,
          layout_vaults_maze_bifur, serial_shops, shop
Vaults:5: serial_shops
Crypt:1:  layout_misc_corridors, item_on_display_a, grunt_megastairs_4,
          grunt_crypt_arrival_guarded_gate
Crypt:2:  layout_misc_corridors, minivault_27
Crypt:3:  lightli_unholy_cathedral, layout_chaotic_city,
          tomb_entry_pyramid_bobbens
Depths:1: layout_gridlike, serial_shops, shop, pf_vacation_house_of_asmodeus,
          minmay_misc_feat_pillars, minmay_crystal_box
Depths:2: kennysheep_treasure_stockpile, layout_cave_pools, lightli_too_deep,
          nrook_campfire, minmay_protected_statue, infiniplex_staircase_river
Depths:3: nicolae_legendary_halls, layout_cave_pools, enter_ziggurat_d,
          hell_entry, rand_demon_pan_entry_8
Depths:4: gold_lair_mu, layout_gridlike, pf_coc_iceberg, abyss_entry,
          serial_shops, shop, rand_demon_pan_entry_1, minivault_11,
          serial_sigils_hangedman_gnaw
Depths:5: hangedman_slaughterboxes, hell_entry, pan_entry, uniq_mennas,
          uniq_boris
Zot:1:    layout_twisted_circle, ebering_ghost_reflecting_pool,
          skrybe_zot_glass_1
Zot:2:    gammafunk_dig_for_victory, layout_misc_corridors, st_stairs_14
Zot:3:    circus_mu, layout_misc_corridors
Zot:4:    layout_gridlike
Zot:5:    layout_misc_corridors

Skill      XL: |  1  2  3  4  5  6  7  8  9 10 11 12 13 14 15 16 17 18 19 20 21 22 23 24 25 26 27 |
---------------+----------------------------------------------------------------------------------+-----
Axes           | 3 4 5 6 7 8 10 11 13 14 15 16 18 19 20 21 22 23 24 25 26 | 26.7
Armour         | 1 2 3 4 5 7 8 9 10 11 12 13 14 15 16 17 20 | 20.7
Fighting       | 3 4 5 7 8 9 11 12 13 14 15 17 18 19 20 21 22 23 24 25 27 | 27.0
Shields        | 1 2 3 4 6 15 | 15.0
Evocations     | 1 5 8 9 11 12 13 14 17 | 17.9
Invocations    | 1 2 5 8 10 12 13 14 | 14.6
Maces & Flails | 1 |  1.9
Dodging        | 3 6 8 10 | 10.0
Throwing       | |  1.7

Action                   |  1- 3 |  4- 6 |  7- 9 | 10-12 | 13-15 | 16-18 | 19-21 | 22-24 | 25-27 || total
-------------------------+-------+-------+-------+-------+-------+-------+-------+-------+-------++-------
Melee: War axe           |    93 |   202 |   287 |   612 |       |       |       |       |       ||  1194
       Headbutt          |       |    42 |    58 |   163 |   223 |   259 |   271 |   324 |   710 ||  2050
       Mace              |       |       |       |    11 |    26 |       |       |       |       ||    37
       Battleaxe         |       |       |       |    10 |   900 |   151 |       |       |       ||  1061
       Broad axe         |       |       |       |       |       |   807 |  1128 |  1072 |  2271 ||  5278
Throw: Throwing net      |       |     1 |     5 |     2 |       |       |       |       |       ||     8
       Dart              |       |       |     4 |    13 |     2 |       |       |       |       ||    19
Invok: Heroism           |       |       |     3 |     9 |     5 |     4 |     3 |     2 |     6 ||    32
       Finesse           |       |       |       |       |     1 |     5 |     2 |     2 |    11 ||    21
Evoke: Wand              |       |       |    10 |    11 |     4 |     4 |     2 |     4 |     7 ||    42
  Use: Scroll            |       |    11 |     9 |    13 |     7 |    14 |     7 |    21 |    33 ||   115
       Potion            |       |     1 |     2 |     1 |     2 |     8 |     3 |     6 |    11 ||    34
 Stab: Sleeping          |     2 |     1 |       |       |       |       |       |       |       ||     3
       Paralysed         |       |       |     1 |     2 |       |       |       |       |       ||     3
       Held in net/web   |       |       |       |     2 |       |       |       |       |       ||     2
       Petrified         |       |       |       |       |     7 |       |       |       |       ||     7
       Distracted        |       |       |       |       |       |     1 |       |     2 |     1 ||     4
  Eat: Chunk             |     1 |     8 |    10 |    18 |    30 |    16 |     8 |     6 |    11 ||   108
       Ration            |       |     1 |       |     2 |     2 |     4 |     8 |     5 |    11 ||    33
Armor: Leather armour    |    43 |    75 |    80 |       |       |       |       |       |       ||   198
       Scale mail        |       |       |    40 |    21 |       |       |       |       |       ||    61
       Chain mail        |       |       |       |   255 |   485 |    71 |       |       |       ||   811
       Plate armour      |       |       |       |       |       |   361 |   581 |   610 |   661 ||  2213
       Crystal plate arm |       |       |       |       |       |       |       |       |   300 ||   300
Dodge: Dodged            |    81 |   121 |   200 |   226 |   349 |   236 |   238 |   338 |   628 ||  2417
Block: Buckler           |       |    22 |    61 |   161 |       |   264 |   412 |   408 |   591 ||  1919
       Other             |       |       |       |       |    62 |     8 |       |       |       ||    70
       Reflection        |       |       |       |       |     5 |    18 |    60 |    41 |    36 ||   160
       Shield            |       |       |       |       |       |       |       |       |   650 ||   650

Table legend:
 A = Non-vault XP
 B = Vault XP
 C = Vault XP percentage of total XP
 D = Non-vault monster count
 E = Vault monster count
 F = Vault count percentage of total count
                 A         B        C        D         E       F
            +---------+---------+-------+---------+---------+-------
      Total | 1110674 | 1024814 |  48.0 |    1750 |     991 |  36.2
            +---------+---------+-------+---------+---------+-------
        D:1 |      35 |       0 |   0.0 |      19 |       0 |   0.0
        D:2 |      64 |      27 |  29.7 |      29 |       3 |   9.4
        D:3 |     177 |       0 |   0.0 |      33 |       0 |   0.0
        D:4 |     100 |       0 |   0.0 |      13 |       0 |   0.0
        D:5 |     638 |      36 |   5.3 |      14 |       1 |   6.7
        D:6 |     722 |     209 |  22.4 |      21 |       1 |   4.5
        D:7 |    1532 |       0 |   0.0 |      37 |       0 |   0.0
        D:8 |    1311 |       0 |   0.0 |      26 |       0 |   0.0
        D:9 |    2604 |     380 |  12.7 |      27 |      24 |  47.1
       D:10 |    4448 |    4468 |  50.1 |      38 |      12 |  24.0
       D:11 |    2625 |    1935 |  42.4 |      21 |      27 |  56.2
       D:12 |    6030 |     768 |  11.3 |      29 |      17 |  37.0
       D:13 |    6906 |   11942 |  63.4 |      37 |      24 |  39.3
       D:14 |   12200 |    3961 |  24.5 |      48 |       5 |   9.4
       D:15 |   24227 |    6634 |  21.5 |      54 |      13 |  19.4
     Lair:1 |    2412 |    1060 |  30.5 |      13 |       6 |  31.6
     Lair:2 |    4678 |     580 |  11.0 |      16 |       2 |  11.1
     Lair:3 |    5302 |       0 |   0.0 |      21 |       0 |   0.0
     Lair:4 |    5557 |       0 |   0.0 |      18 |       0 |   0.0
     Lair:5 |    3297 |     176 |   5.1 |      15 |       5 |  25.0
     Lair:6 |   12797 |   12578 |  49.6 |      36 |      48 |  57.1
    Swamp:1 |    6291 |       0 |   0.0 |      15 |       0 |   0.0
    Swamp:2 |   10142 |     133 |   1.3 |      17 |       1 |   5.6
    Swamp:3 |    8718 |       0 |   0.0 |      22 |       0 |   0.0
    Swamp:4 |   14218 |   23499 |  62.3 |      32 |      25 |  43.9
    Snake:1 |    8157 |       0 |   0.0 |      14 |       0 |   0.0
    Snake:2 |   27287 |       0 |   0.0 |      50 |       0 |   0.0
    Snake:3 |   12528 |       0 |   0.0 |      27 |       0 |   0.0
    Snake:4 |   16812 |   29728 |  63.9 |      26 |      42 |  61.8
      Orc:1 |     776 |     995 |  56.2 |      16 |       1 |   5.9
      Orc:2 |    2423 |    7514 |  75.6 |      14 |      30 |  68.2
      Elf:1 |   16151 |    6112 |  27.5 |      25 |      12 |  32.4
      Elf:2 |   17186 |   31896 |  65.0 |      33 |      44 |  57.1
      Elf:3 |    8653 |   59140 |  87.2 |      15 |      42 |  73.7
   Vaults:1 |   33631 |   25257 |  42.9 |      52 |      49 |  48.5
   Vaults:2 |   20900 |   17345 |  45.4 |      33 |      23 |  41.1
   Vaults:3 |   21924 |   22855 |  51.0 |      27 |      44 |  62.0
   Vaults:4 |   24560 |   10480 |  29.9 |      30 |      16 |  34.8
   Vaults:5 |   35656 |  114328 |  76.2 |      62 |      81 |  56.6
    Crypt:1 |   40944 |    5399 |  11.7 |      69 |       6 |   8.0
    Crypt:2 |   37526 |       0 |   0.0 |      52 |       0 |   0.0
    Crypt:3 |   33407 |   43846 |  56.8 |      34 |      39 |  53.4
   Depths:1 |   73145 |    5052 |   6.5 |      85 |       5 |   5.6
   Depths:2 |   42297 |   32938 |  43.8 |      56 |      25 |  30.9
   Depths:3 |   48791 |   54111 |  52.6 |      65 |      33 |  33.7
   Depths:4 |   56931 |   27085 |  32.2 |      54 |      23 |  29.9
   Depths:5 |       0 |  181491 | 100.0 |       0 |      83 | 100.0
      Zot:1 |   54138 |       0 |   0.0 |      34 |       0 |   0.0
      Zot:2 |   88866 |   60803 |  40.6 |      44 |      25 |  36.2
      Zot:3 |   36482 |    9401 |  20.5 |      18 |      16 |  47.1
      Zot:4 |  100167 |       0 |   0.0 |      55 |       0 |   0.0
      Zot:5 |   80394 |  158171 |  66.3 |      44 |      40 |  47.6
    Abyss:2 |   33911 |       0 |   0.0 |      65 |       0 |   0.0
 Desolation |       0 |   52481 | 100.0 |       0 |      98 | 100.0
            +---------+---------+-------+---------+---------+-------
